 Dungeon Crawl Stone Soup version 0.29-a0-872-g797fff5ad1 (webtiles) character file.

Game seed: 1973688819493231708

833 IdlyInterested the Sneak (level 7, -1/50 HPs)
             Began as a Demonspawn Gladiator on July 18, 2022.
             Slain by an orc warrior
             ... wielding a +0 scimitar
              (11 damage)
             ... on level 5 of the Dungeon.
             The game lasted 00:16:10 (5045 turns).

IdlyInterested the Sneak (Demonspawn Gladiator)     Turns: 5045, Time: 00:16:11

Health: -1/50      AC:  4    Str: 14    XL:     7   Next: 66%
Magic:  7/7        EV: 14    Int: 10    God:
Gold:   993        SH:  0    Dex: 16    Spells: 6/6 levels left

rFire   + . .      SeeInvis .   a - +1 rapier (chaos)
rCold   + . .      Faith    .   (no shield)
rNeg    . . .      Spirit   .   w - +1 robe {rC+ rF+}
rPois   .          Reflect  .   c - +0 helmet
rElec   .          Harm     .   (cloak unavailable)
rCorr   .          Rampage  .   (no gloves)
Will    .....                   (no boots)
Stlth   +++.......              (no amulet)
HPRegen 0.16/turn               i - ring of flight
MPRegen 0.10/turn               (no ring)

@: flying
A: spiny 1, weakness stinger 3
a: no special abilities


You were on level 5 of the Dungeon.
You visited 2 branches of the dungeon, and saw 6 of its levels.
You also visited: Sewer.

You collected 993 gold pieces.

Inventory:

Hand Weapons
 a - a +1 rapier of chaos (weapon)
Missiles
 d - 23 poisoned darts (quivered)
 e - 4 javelins
 u - 7 atropa-tipped darts
Armour
 b - a +0 ring mail
 c - a +0 helmet (worn)
 f - a +0 plate armour
 g - a +0 scale mail
 o - a +1 robe of willpower
 s - a +0 chain mail
 w - a +1 robe of resistance (worn)
Jewellery
 i - a ring of flight (left hand)
Wands
 h - a wand of digging (5)
 m - a wand of flame (6)
 C - a wand of iceblast (8)
Scrolls
 l - 2 scrolls of teleportation
 n - a scroll of enchant armour
 v - a scroll of brand weapon
Potions
 j - 3 potions of heal wounds
 p - 2 potions of curing
 q - 2 potions of invisibility
 r - 2 potions of resistance
 t - a potion of brilliance
 z - a potion of attraction
 A - 2 potions of lignification {unknown}
 B - 3 potions of haste
 D - 2 potions of mutation


   Skills:
 - Level 2.0 Fighting
 + Level 4.5 Short Blades
 - Level 1.7 Throwing
 - Level 2.0 Armour
 + Level 4.5 Dodging
 * Level 5.3 Stealth
 * Level 1.9 Evocations


You had 6 spell levels left.
You didn't know any spells.
Your spell library contained the following spells:

 Spells                   Type           Power      Damage    Failure   Level
 Freeze                   Ice            0%         1d3       36%         1
 Conjure Flame            Conj/Fire      0%         6-21      75%         3
 Frozen Ramparts          Ice            0%         1d2       75%         3
 Ignite Poison            Fire/Tmut/Pois 0%         N/A       75%         3
 Ozocubu's Armour         Ice            0%         N/A       75%         3
 Hailstorm                Conj/Ice       0%         3d3       98%         4
 Sticky Flame             Conj/Fire      0%         2d3       98%         4
 Summon Ice Beast         Ice/Summ       0%         N/A       98%         4
 Summon Mana Viper        Hex/Summ       0%         N/A       100%        5
 Monstrous Menagerie      Summ           0%         N/A       100%        7
 Ozocubu's Refrigeration  Ice            0%         4d5       100%        7


Dungeon Overview and Level Annotations

Branches:
Dungeon (5/15)             Temple (1/1) D:4           Sewer (visited)

Altars:
Ashenzari
Cheibriados
Dithmenos
Fedhas
Gozag
Hepliaklqana
Kikubaaqudgha
Nemelex Xobeh
Okawaru
Qazlal
Ru
Sif Muna
Xom
Yredelemnul


Innate Abilities, Weirdness & Mutations

You are partially covered in sharp spines.
You have a sharp stinger which inflicts weakening toxins.


Message History

The orc warrior is struck by your spines.
The orc warrior hits you but does no damage.
You hit the orc warrior but do no damage.
The orc warrior is lightly wounded.
The orc warrior is struck by your spines.
The orc warrior hits you with a +0 scimitar.
You hit the orc warrior but do no damage.
You tail-slap the orc warrior.
The orc warrior looks weaker.
The orc warrior is moderately wounded.
The orc warrior hits you with a +0 scimitar.
* * * LOW HITPOINT WARNING * * *
You barely miss the orc warrior.
The orc warrior is moderately wounded.
The orc warrior closely misses you.
You hit the orc warrior but do no damage.
You tail-slap the orc warrior, but do no damage.
The orc warrior is moderately wounded.
The orc warrior is struck by your spines.
The orc warrior hits you with a +0 scimitar!
* * * LOW HITPOINT WARNING * * *
You feel much better.
The orc warrior hits you with a +0 scimitar!
Throw: 8 darts (atropa)
Press: ? - help, Shift-Dir - straight line, f - orc warrior
Aim: an orc warrior, wielding a +0 scimitar and wearing a +0 chain mail (moderately wounded, weak, 57% to hit, chance to blind on hit: 75%)
You throw an atropa-tipped dart.
The atropa-tipped dart closely misses the orc warrior.
The atropa-tipped dart hits the phantom.
The phantom is unaffected.
The orc warrior hits you with a +0 scimitar!
* * * LOW HITPOINT WARNING * * *
You closely miss the orc warrior.
You tail-slap the orc warrior, but do no damage.
The orc warrior is moderately wounded.
The orc warrior hits you with a +0 scimitar.
* * * LOW HITPOINT WARNING * * *
You closely miss the orc warrior.
The orc warrior is moderately wounded.
The orc warrior hits you with a +0 scimitar!
You die...

......#####.###.#
..#
#......##.#####..#
#......##.##.....#
#.......#.##.....#
.......#.#.##.....#
#....[###.#.##.o...#
#..... #...##.....#
#..... ##..##o....#
.... #.>@oW....# ###
#####.....# #.....#
#.....# ##+#..# ..#
..#########
.......<# ####......


You could see an orc warrior (weak), a phantom and an orc.

Vanquished Creatures
  Sigmund (D:2)
  A water moccasin (Sewer)
  A black bear (D:5)
  A phantom (D:4)
  A necrophage (D:3)
  3 hounds
  Crazy Yiuf (D:2)
  Jessica (D:2)
  5 adders
  3 worms (D:4)
  6 orcs
  5 endoplasms
  7 giant cockroaches
  10 goblins
  8 hobgoblins
  7 jackals
  6 quokkas
  5 ball pythons
  7 bats
  2 frilled lizards
  11 kobolds
  6 rats
98 creatures vanquished.

Notes
Turn   | Place    | Note
-------+----------+-------------------------------------------
     0 | D:1      | IdlyInterested the Demonspawn Gladiator began the quest for
                  | the Orb.
     0 | D:1      | Reached XP level 1. HP: 16/16 MP: 1/1
   333 | D:1      | Gained mutation: You have a small tail. [demonic ancestry]
   333 | D:1      | Reached XP level 2. HP: 10/22 MP: 2/2
   660 | D:1      | Reached skill level 1 in Stealth
   733 | D:1      | Reached skill level 1 in Armour
  1165 | D:1      | Reached XP level 3. HP: 25/27 MP: 3/3
  1534 | D:2      | Identified a scroll of acquirement
  1534 | D:2      | Acquired 740 gold pieces
  1596 | D:2      | Found a runed translucent door.
  1597 | D:2      | Noticed Crazy Yiuf
  1653 | D:2      | Found a faded altar of an unknown god.
  1830 | D:2      | Noticed Sigmund
  1840 | D:2      | Killed Sigmund
  1841 | D:2      | Reached skill level 3 in Stealth
  1841 | D:2      | Reached skill level 1 in Evocations
  1841 | D:2      | Reached XP level 4. HP: 26/33 MP: 4/4
  1841 | D:2      | Gained mutation: You have a tail ending in a sharp stinger.
                  | [demonic ancestry]
  1841 | D:2      | Reached XP level 5. HP: 30/38 MP: 5/5
  1992 | D:2      | Noticed Jessica
  2004 | D:2      | Killed Jessica
  2448 | D:2      | Killed Crazy Yiuf
  2449 | D:2      | Gained mutation: You are partially covered in sharp spines.
                  | [demonic ancestry]
  2449 | D:2      | Reached XP level 6. HP: 44/44 MP: 6/6
  3110 | D:3      | Reached skill level 4 in Stealth
  3375 | D:4      | Found a glowing drain.
  3385 | Sewer    | Entered a sewer
  3395 | Sewer    | Gained mutation: You have a sharp stinger which inflicts
                  | weakening toxins. [demonic ancestry]
  3395 | Sewer    | Reached XP level 7. HP: 50/50 MP: 7/7
  3869 | D:4      | Found a snail-covered altar of Cheibriados.
  3869 | D:4      | Found a staircase to the Ecumenical Temple.
  3885 | Temple   | Entered the Ecumenical Temple
  4051 | D:4      | Reached skill level 5 in Stealth
  4300 | D:4      | Found a shimmering altar of Xom.
  4727 | D:5      | Entered Level 5 of the Dungeon
  5045 | D:5      | Slain by an orc warrior

Illustrated notes

Levels and vault maps discovered:
D:1:      dpeg_arrival_morbid_curiosity, layout_basic, amethyst_killhole
D:2:      layout_loops_ring, shapermc_ecumenical_altar_mp_ritualfount,
          amcnicky_mini_pool_small, kennysheep_jessica_study,
          uniq_crazy_yiuf_cottage, uniq_sigmund, uniq_jessica
D:3:      layout_basic
D:4:      layout_cave_pods, mainiacjoe_overflow_small_starburst,
          mainiacjoe_overflow_big_doors, zin_statuary,
          minmay_temple_entry_offerings, portal_sewer_entry_d, serial_park,
          serial_park_gazebo [serial_park_minivault_5x5_2], serial_park_square2,
          serial_park_square3 [serial_park_minivault_5x5_6], serial_park_square1
          [serial_park_minivault_5x5_2]
D:5:      layout_basic
Temple:   nicolae_temple_bog_church

Skill      XL: |  1  2  3  4  5  6  7 |
---------------+----------------------+-----
Stealth        | 1 3 4 5 |  5.3
Armour         | 1 2 |  2.0
Dodging        | 3 4 |  4.5
Short Blades   | 3 4 |  4.5
Evocations     | 1 |  1.9
Fighting       | |  2.0
Throwing       | |  1.7

Action                   |  1- 3 |  4- 6 |  7- 9 || total
-------------------------+-------+-------+-------++-------
Melee: Rapier            |   106 |    71 |    62 ||   239
       Tailslap          |     6 |     7 |    14 ||    27
       Punch             |       |       |     2 ||     2
Throw: Throwing net      |     2 |     2 |       ||     4
       Dart              |       |       |     1 ||     1
  Use: Scroll            |     8 |     7 |     5 ||    20
       Potion            |       |       |     1 ||     1
 Stab: Sleeping          |     1 |    10 |     1 ||    12
       Held in net/web   |     1 |     2 |       ||     3
Armor: Leather armour    |    29 |       |       ||    29
       Robe              |       |    13 |     9 ||    22
Dodge: Dodged            |    79 |    24 |    40 ||   143

Table legend: (Time is in decaauts)
 A = Elapsed time spent in this place.
 B = Non-inter-level travel time spent in this place.
 C = Inter-level travel time spent in this place.
 D = Time resting spent in this place.
 E = Time spent auto-exploring this place.
 F = Levels seen in this place.
 G = Mean time per level.
                   A        B        C        D        E       F      G
               +--------+--------+--------+--------+--------+-----+--------+
         Total |   5050 |   4520 |    530 |    687 |   2621 |   7 |  721.4 |
       Dungeon |   4717 |   4211 |    506 |    687 |   2404 |   5 |  943.4 |
        Temple |    136 |    112 |     24 |      0 |    100 |   1 |  136.0 |
         Sewer |    196 |    196 |      0 |      0 |    117 |   1 |  196.0 |
               +--------+--------+--------+--------+--------+-----+--------+

Top non-repeatable levels by time:
     D:1: 1514 daAuts
     D:4: 1237 daAuts
     D:2: 1145 daAuts
     D:3: 583 daAuts
     D:5: 236 daAuts
   Sewer: 196 daAuts
  Temple: 136 daAuts
